AoeStats
← Blyad _Mann

Arena

508620686Analyzed
4v4 RM · 9d ago on Sep 23, 2026· 52m 24s· 8 players
Game mode
Random Map
Map size
Large (8 player)
Population
200
Speed
Normal
Resources
Standard
Victory
Conquest
Starting age
Dark Age
Ending age
Imperial Age
RankedLock teamsTeams togetherTeam positionsShared explorationLock speedFull tech treeHidden civsTurbo modeCheats
Victory
Defeat
🇩🇪 Saxons · Germany
1059
+13
🇧🇪 Chinese · Belgium
1045
+13
🇪🇨 Franks · Ecuador
1022
+14
🇨🇳 Danes · China
848
+21
🇳🇱 Wu · Netherlands
1027
-17
🇳🇱 Danes · Netherlands
979
-15
🇮🇹 Mongols · Italy
967
-15
🇮🇳 Poles · India
955
-14
小琰
9:34 Feudal Age
14:33 Castle Age
12:47 Double-Bit Axe
15:07 Horse Collar
19:55 Wheelbarrow
24:07 Hand Cart
24:34 Loom
24:34 Town Watch
26:30 Husbandry
26:41 Bloodlines
30:54 Imperial Age
28:43 Scale Barding Armor
29:05 Ballistics
29:27 Bow Saw
29:31 Gold Mining
29:31 Stone Mining
30:59 Chain Barding Armor
30:39 Scale Mail Armor
30:49 Forging
31:19 Herbal Medicine
30:55 Cavalier
32:46 Conscription
32:43 Heavy Plow
32:46 Town Patrol
33:02 Chain Mail Armor
32:13 Elite Mangudai
33:02 Fletching
33:12 Padded Archer Armor
33:48 Iron Casting
33:56 Gold Shaft Mining
33:11 Stone Mining
32:54 Man-at-Arms
32:54 Pikeman
33:30 Elite Skirmisher
34:16 Thumb Ring
34:54 Hoardings
35:36 Chemistry
34:32 Murder Holes
34:50 Crossbowman
36:15 Arbalester
36:19 Elite Steppe Lancer
37:48 Bodkin Arrow
38:08 Leather Archer Armor
38:24 Arson
38:39 Squires
39:19 Long Swordsman
42:44 Blast Furnace
42:14 Plate Mail Armor
41:45 Bracer
41:59 Siege Engineers
42:05 Masonry
42:29 Two-Handed Swordsman
43:46 Champion
45:11 Stone Shaft Mining
44:12 Heavy Camel Rider
45:01 Light Cavalry
47:22 Hussar
Xion574
8:28 Loom
10:15 Feudal Age
15:32 Castle Age
14:47 Double-Bit Axe
14:43 Horse Collar
17:44 Bow Saw
17:58 Heavy Plow
21:31 Wheelbarrow
21:32 Loom
25:04 Hand Cart
25:13 Hand Cart
25:14 Fletching
32:02 Town Watch
33:44 Town Patrol
38:17 Imperial Age
37:31 Gold Mining
37:33 Stone Mining
38:18 Guard Tower
38:50 Ballistics
40:01 Keep
40:27 Chemistry
39:51 Ballistics
39:12 Treadmill Crane
40:42 Bloodlines
40:32 Husbandry
39:53 Heavy Hei Guang Cavalry
41:25 Scale Barding Armor
43:07 Stone Mining
43:59 Chain Barding Armor
43:49 Forging
46:19 Plate Barding Armor
46:20 Iron Casting
Blyad _Mann
0:27 Loom
11:30 Feudal Age
12:05 Double-Bit Axe
17:21 Castle Age
15:06 Horse Collar
15:21 Stone Mining
16:33 Gold Mining
16:55 Scale Mail Armor
17:05 Forging
18:41 Squires
18:28 Gambesons
19:34 Bow Saw
24:34 Wheelbarrow
25:00 Heavy Plow
25:20 Chain Mail Armor
29:27 Imperial Age
27:19 Hand Cart
27:45 Arson
28:36 Iron Casting
28:16 Chain Mail Armor
30:34 Conscription
30:52 Elite Varangian Guard
32:04 Plate Mail Armor
32:34 Blast Furnace
35:20 Hamask
Capt. Abisto
0:34 Loom
12:34 Feudal Age
17:38 Castle Age
15:48 Horse Collar
16:36 Double-Bit Axe
19:10 Bow Saw
19:04 Heavy Plow
23:43 Gold Mining
24:40 Wheelbarrow
25:59 Treadmill Crane
26:43 Hand Cart
30:20 Imperial Age
28:12 Forging
28:08 Scale Barding Armor
29:02 Szlachta Privileges
29:39 Iron Casting
30:22 Husbandry
30:33 Bloodlines
29:45 Light Cavalry
30:52 Murder Holes
31:08 Fortified Wall
31:27 Stone Mining
32:26 Crop Rotation
32:30 Conscription
32:08 Cavalier
33:57 Blast Furnace
34:21 Chain Barding Armor
33:44 Winged Hussar
35:58 Lechitic Legacy
40:21 Scale Mail Armor
41:46 Stone Shaft Mining
41:24 Squires
41:09 Arson
43:16 Chain Mail Armor
43:34 Elite Obuch
47:53 Plate Mail Armor
b7ackwar
7:08 Loom
11:44 Feudal Age
18:04 Castle Age
15:52 Double-Bit Axe
15:49 Horse Collar
19:18 Bow Saw
19:10 Heavy Plow
19:48 Gold Mining
21:21 Squires
21:07 Arson
29:58 Scale Mail Armor
32:00 Forging
AF_Atlantis_PAL
0:33 Loom
11:11 Feudal Age
15:46 Castle Age
13:54 Double-Bit Axe
14:17 Horse Collar
14:37 Gold Mining
17:24 Bow Saw
20:41 Town Watch
28:53 Caravan
28:54 Pikeman
29:34 Squires
32:11 Imperial Age
30:07 Ballistics
30:34 Fletching
30:45 Padded Archer Armor
31:39 Wheelbarrow
30:59 Stone Mining
31:44 Gold Shaft Mining
31:50 Bodkin Arrow
32:11 Leather Archer Armor
33:25 Conscription
34:14 Chemistry
33:41 Elite Chu Ko Nu
34:44 Thumb Ring
34:00 Crossbowman
35:55 Elite Skirmisher
37:45 Bracer
38:16 Ring Archer Armor
37:57 Forging
37:47 Scale Mail Armor
38:40 Arbalester
39:55 Halberdier
45:00 Chain Mail Armor
45:21 Iron Casting
53:44 Two-Man Saw
52:48 Heavy Plow
Tamerlane
10:41 Feudal Age
11:43 Double-Bit Axe
14:38 Castle Age
12:32 Horse Collar
15:33 Bow Saw
17:36 Wheelbarrow
17:31 Town Watch
21:47 Gold Mining
23:30 Gold Shaft Mining
23:22 Heavy Plow
25:16 Hand Cart
25:27 Forging
25:17 Scale Mail Armor
29:14 Imperial Age
26:30 Loom
27:17 Squires
27:03 Arson
27:01 Hamask
28:28 Gambesons
28:59 Chain Mail Armor
29:20 Iron Casting
29:17 Capped Ram
29:20 Elite Varangian Guard
30:24 Conscription
32:33 Blast Furnace
32:03 Plate Mail Armor
31:09 Man-at-Arms
32:46 Pikeman
33:29 Halberdier
35:17 Siege Ram
35:27 Long Swordsman
38:16 Chemistry
37:08 Fletching
39:21 Murder Holes
39:19 Elite Jomsviking
42:45 Town Patrol
42:46 Bodkin Arrow
43:13 Ballistics
47:51 Stone Mining
48:40 Siege Engineers
48:45 Masonry
50:15 Onager
52:12 Bracer
52:12 Padded Archer Armor
52:15 Caravan
52:46 Coinage
Bry.D
8:06 Loom
10:14 Feudal Age
14:24 Castle Age
13:12 Double-Bit Axe
15:21 Loom
21:21 Bow Saw
22:28 Wheelbarrow
23:47 Hand Cart
23:57 Hand Cart
24:57 Gold Mining
25:00 Stone Mining
27:26 Husbandry
28:08 Town Watch
31:08 Imperial Age
28:36 Ordonnance Companies
30:24 Town Patrol
30:37 Forging
30:33 Scale Barding Armor
31:20 Ballistics
31:15 Cavalier
33:33 Chemistry
32:13 Treadmill Crane
32:40 Siege Engineers
34:22 Gold Shaft Mining
33:28 Paladin
33:49 Cranequins
33:58 Heavy Mounted Crossbowman
35:32 Iron Casting
34:57 Scale Mail Armor
35:25 Caravan
36:18 Elite Skirmisher
39:26 Blast Furnace
38:47 Chain Barding Armor
39:34 Blast Furnace
40:42 Fletching
41:29 Plate Barding Armor
40:47 Fletching
42:50 Bodkin Arrow
45:20 Light Cavalry
47:33 Padded Archer Armor
49:46 Leather Archer Armor
Connection lost

Rejoining the realm…

Still unreachable

The connection could not be restored.

Session expired

The server has moved on; the page needs a fresh start.